 Dungeon Crawl Stone Soup version 0.23.2-33-g5129a83184 (webtiles) character file.

Game seed: 9154420498497144289

126 DorianNounverber the Magician (level 4, 0/24 HPs)
             Began as a Deep Elf Wizard on July 9, 2019.
             Slain by an orc wizard
             ... wielding a +0 dagger
              (2 damage)
             ... on level 3 of the Dungeon.
             The game lasted 00:10:32 (2234 turns).

DorianNounverber the Magician (Deep Elf Wizard)     Turns: 2234, Time: 00:10:32

Health: 0/24       AC:  2    Str:  4    XL:     4   Next: 83%
Magic:  8/14       EV: 13    Int: 29    God:
Gold:   69         SH:  0    Dex: 13    Spells: 5/16 levels left

rFire    . . .     SeeInvis .   i - +0 short sword (venom)
rCold    . . .     Gourm    .   (no shield)
rNeg     . . .     Faith    .   a - +0 robe
rPois    .         Spirit   .   b - +0 hat
rElec    .         Reflect  .   (no cloak)
rCorr    .         Harm     .   (no gloves)
MR       .....                  (no boots)
Stlth    +.........             (no amulet)
HPRegen  0.08/turn              (no ring)
MPRegen  0.14/turn              (no ring)

@: confused, brilliant
A: no striking features
a: no special abilities


You were on level 3 of the Dungeon.
You were hungry.

You visited 1 branch of the dungeon, and saw 3 of its levels.

You collected 69 gold pieces.

Inventory:

Hand Weapons
 i - a +0 short sword of venom (weapon)
Missiles
 j - 7 needles of sleeping
Armour
 a - a +0 robe (worn)
 b - a +0 hat (worn)
 n - a +1 helmet
Jewellery
 q - an uncursed amulet of guardian spirit {unknown}
Scrolls
 c - a scroll of amnesia {unknown}
 e - 2 scrolls of teleportation {unknown}
 o - a scroll of blinking {unknown}
Potions
 f - a potion of brilliance
 g - 2 potions of curing {unknown}
 h - a potion of might {unknown}
 k - a potion of ambrosia {unknown}
 l - a potion of haste {unknown}
 m - a potion of degeneration {unknown}
 p - 2 potions of berserk rage {unknown}
 r - a potion of lignification {unknown}
Comestibles
 d - 6 rations


   Skills:
 + Level 2.7 Dodging
 + Level 2.7 Stealth
 * Level 6.8 Spellcasting
 + Level 1.6 Conjurations
 + Level 2.0 Summonings
 + Level 1.1 Translocations


You had 5 spell levels left.
You knew the following spells:

 Your Spells              Type           Power        Failure   Level  Hunger
a - Magic Dart            Conj           ####         1%          1    None
b - Blink                 Tloc           N/A          1%          2    None
c - Call Imp              Summ           #####...     1%          2    None
d - Conjure Flame         Conj/Fire      ####....     1%          3    None
e - Mephitic Cloud        Conj/Pois/Air  ####....     1%          3    None

Your spell library contained the following spells:

 Spells                   Type           Power        Failure   Level  Hunger
 Slow                     Hex            ####....     1%          2    None


Dungeon Overview and Level Annotations

Branches:
Dungeon (3/15)

Altars:
Ashenzari


Message History

You hear some strange, mumbled words.
Something tries to affect you, but you resist.
You're too confused!
Okay, then.
You're too confused to cast spells.
Are you sure you want to stumble around while confused and next to your crimson imp? [Y]es or [N]o only, please.
Are you sure you want to stumble around while confused and next to your crimson imp? [Y]es or [N]o only, please.
Are you sure you want to stumble around while confused and next to your crimson imp?
Uppercase [Y]es or [N]o only, please.
Are you sure you want to stumble around while confused and next to your crimson imp? [Y]es or [N]o only, please.
Are you sure you want to stumble around while confused and next to your crimson imp?
Uppercase [Y]es or [N]o only, please.
Are you sure you want to stumble around while confused and next to your crimson imp? [Y]es or [N]o only, please.
Are you sure you want to stumble around while confused and next to your crimson imp?
You bump into the rock wall.
Something hits you.
You die...

#.....≈≈.≈# #.# .
#......≈≈.###.#####..
####+#..≈............
##.#...###.........
.####.....#####...#...
......#.#..##.##...#
...........##.##...###.
......#+#>55............
.......)).@............
###..#...###############
.........# .........#
.....##†.# ......)..#
###...?.)# #.###.## ..
...


You could see a friendly crimson imp and a friendly white imp.

Vanquished Creatures
  An ogre (D:2)
  3 dart slugs
  2 leopard geckos
  An orc (D:3)
  5 giant cockroaches
  5 goblins
  9 hobgoblins
  2 jackals
  2 quokkas (D:2)
  4 bats
  A frilled lizard (D:2)
  4 kobolds (D:1)
  6 rats
45 creatures vanquished.

Vanquished Creatures (collateral kills)
  An adder (D:2)
  An ooze (D:1)
  3 orcs (D:3)
  A goblin (D:2)
  7 jackals
  A rat (D:2)
14 creatures vanquished.

Grand Total: 59 creatures vanquished

Notes
Turn   | Place    | Note
-------+----------+-------------------------------------------
     0 | D:1      | DorianNounverber the Deep Elf Wizard began the quest for
                  | the Orb.
     0 | D:1      | Reached XP level 1. HP: 10/10 MP: 7/7
   197 | D:1      | Reached skill level 5 in Spellcasting
   262 | D:1      | Reached XP level 2. HP: 15/15 MP: 3/10
   320 | D:1      | Learned a level 2 spell: Blink
   323 | D:1      | Learned a level 2 spell: Call Imp
   827 | D:1      | Reached XP level 3. HP: 19/19 MP: 8/12
  1387 | D:2      | Reached skill level 6 in Spellcasting
  1388 | D:2      | Noticed an ogre
  1392 | D:2      | Learned a level 3 spell: Conjure Flame
  1428 | D:2      | Killed an ogre
  1428 | D:2      | Reached XP level 4. HP: 24/24 MP: 0/14
  1440 | D:2      | Learned a level 3 spell: Mephitic Cloud
  1931 | D:2      | Found a shattered altar of Ashenzari.
  2234 | D:3      | Slain by an orc wizard

Skill      XL: |  1  2  3 |
---------------+----------+-----
Spellcasting   | 5 6 |  6.8
Summonings     | 2 |  2.0
Dodging        | |  2.7
Stealth        | |  2.7
Conjurations   | |  1.6
Translocations | |  1.1

Action                   |  1- 3 |  4- 6 || total
-------------------------+-------+-------++-------
Melee: Short sword       |     3 |     2 ||     5
 Cast: Magic Dart        |    84 |    27 ||   111
       Call Imp          |    13 |     3 ||    16
  Use: Potion            |       |     1 ||     1
  Eat: Chunk             |     1 |     2 ||     3
Armor: Robe              |     5 |     1 ||     6
Dodge: Dodged            |    18 |     6 ||    24
